 Dungeon Crawl Stone Soup version 0.28-a0-802-g09f76e8c00 (webtiles) character file.

Game seed: 11717483130394615918

99 bande the Skirmisher (level 4, -5/29 HPs)
             Began as a Gargoyle Fighter on Nov 7, 2021.
             Slain by Sigmund (9 damage)
             ... on level 2 of the Dungeon.
             The game lasted 00:02:41 (2501 turns).

bande the Skirmisher (Gargoyle Fighter)             Turns: 2501, Time: 00:02:42

Health: -5/29      AC: 12    Str: 21    XL:     4   Next: 72%
Magic:  4/4        EV:  9    Int:  8    God:
Gold:   42         SH:  0    Dex:  9    Spells: 3/3 levels left

rFire   . . .      SeeInvis .   a - +0 war axe
rCold   . . .      Faith    .   c - +0 buckler
rNeg    + . .      Spirit   .   b - +0 scale mail
rPois   ∞          Reflect  .   (no helmet)
rElec   +          Harm     .   (no cloak)
rCorr   .          Rampage  .   i - +1 pair of gloves
Will    .....                   (no boots)
Stlth   ..........              (no amulet)
HPRegen 0.09/turn               (no ring)
MPRegen 0.09/turn               (no ring)

@: confused, mighty
A: sickness immunity, AC +3, negative energy resistance 1, electricity
resistance, torment resistance 1, petrification resistance
a: no special abilities


You were on level 2 of the Dungeon.
You visited 1 branch of the dungeon, and saw 2 of its levels.

You collected 42 gold pieces.

Inventory:

Hand Weapons
 a - a +0 war axe (weapon)
 j - a +0 flail of pain
Armour
 b - a +0 scale mail (worn)
 c - a +0 buckler (worn)
 i - a +1 pair of gloves (worn)
Scrolls
 e - a scroll of identify
Potions
 f - a potion of degeneration {unknown}
 g - 2 potions of brilliance
 h - a potion of resistance {unknown}


   Skills:
 + Level 4.0 Fighting
 + Level 3.2 Axes
 + Level 3.8 Armour
 + Level 3.5 Shields


You had 3 spell levels left.
You didn't know any spells.
Your spell library contained the following spells:

 Spells                   Type           Power      Damage    Failure   Level
 Passage of Golubria      Tloc           0%         N/A       100%        4
 Silence                  Hex/Air        0%         N/A       100%        5
 Lehudib's Crystal Spear  Conj/Erth      0%         10d2      100%        8


Dungeon Overview and Level Annotations

Branches:
Dungeon (2/15)

Altars:

Annotations:
D:2 Sigmund


Innate Abilities, Weirdness & Mutations

You are immune to sickness and miasma.
Your stone body is resilient. (AC +3)
You are immune to poison.
You resist negative energy. (rN+)
You are resistant to electric shocks. (rElec)
You are resistant to unholy torment.
You are immune to petrification.


Message History

You completely miss Sigmund.
Sigmund is severely wounded.
Sigmund points at you and mumbles some strange words.
The puff of flame hits you.
You miss Sigmund.
Sigmund is severely wounded.
Sigmund hits you but does no damage. Sigmund hits you but does no damage.
Sigmund hits you but does no damage.
Sigmund gestures wildly while chanting.
Sigmund flickers and vanishes!
Deactivating autopickup; reactivate with Ctrl-A.
You hear some strange, mumbled words.
You are more confused.
Something hits you.
You closely miss something.
You hear some strange, mumbled words.
A puff of flame appears from out of thin air!
The puff of flame hits you. Something hits you. Something hits you.
Something hits you but does no damage.
You're too confused to move!
You feel less confused.
You hear some strange, mumbled words.
You are confused.
You barely miss something. Something hits you.
You hear some strange, mumbled words.
A magic dart appears from out of thin air!
The magic dart hits you.
* * * LOW HITPOINT WARNING * * *
You bump into the rock wall.
Something hits you.
* * * LOW HITPOINT WARNING * * *
Unknown command.
You bump into the rock wall.
You closely miss something.
You hear some strange, mumbled words.
Something tries to affect you, but you resist.
Something hits you!
You die...

### ... #.# #.# ####
##.####... #........†
#..PP≈≈...
#############P.P≈≈≈?..
#...<@....>.....≈≈≈≈..
#....{).####..P≈≈≈≈≈≈.
#.......####.P≈≈≈≈≈†≈≈
#..........#..≈≈≈≈≈≈≈≈
#.#.#÷#.#.##..≈≈≈≈≈≈≈≈
#...........#.PP≈≈≈≈≈≈≈
##.#.#.#.#.#....♣≈≈≈≈P.
#...........#.P...≈≈P..
##.#.#.#.#.##.........P


There were no monsters in sight!

Vanquished Creatures
  An orc priest (D:1)
  3 adders (D:2)
  2 dart slugs
  2 orcs
  3 ball pythons
  3 bats (D:1)
  4 endoplasms (D:1)
  A giant cockroach (D:1)
  2 goblins (D:1)
  2 hobgoblins (D:1)
  4 kobolds (D:1)
  3 quokkas (D:1)
  A frilled lizard (D:1)
  5 rats
36 creatures vanquished.

Vanquished Creatures (others)
  A ball python (D:2)
  A plant (D:2)
2 creatures vanquished.

Grand Total: 38 creatures vanquished

Notes
Turn   | Place    | Note
-------+----------+-------------------------------------------
     0 | D:1      | bande the Gargoyle Fighter began the quest for the Orb.
     0 | D:1      | Reached XP level 1. HP: 14/14 MP: 1/1
   185 | D:1      | Reached XP level 2. HP: 10/19 MP: 2/2
   621 | D:1      | Reached XP level 3. HP: 24/24 MP: 3/3
  1456 | D:1      | Reached XP level 4. HP: 9/29 MP: 4/4
  1789 | D:1      | Reached skill level 4 in Fighting
  2239 | D:2      | Noticed Sigmund
  2501 | D:2      | Slain by Sigmund

Illustrated notes

Levels and vault maps discovered:
D:1:      dpeg_arrival_houses_and_road, layout_loops_ring,
          amcnicky_mini_pool_small, kennysheep_crisscross,
          corexii_leaking_fountain
D:2:      layout_loops_cross, basic_altar, dreamdust_ecumenical_altar_statues,
          st_stairs_11, corexii_corridor_pit, minmay_misc_feat_alley,
          guppyfry_early_lair_pool, uniq_sigmund

Skill      XL: |  1  2  3  4 |
---------------+-------------+-----
Axes           | 2 3 |  3.2
Fighting       | 4 |  4.0
Armour         | |  3.8
Shields        | |  3.5

Action                   |  1- 3 |  4- 6 || total
-------------------------+-------+-------++-------
Melee: War axe           |    95 |    35 ||   130
  Use: Scroll            |       |     2 ||     2
       Potion            |       |     1 ||     1
Armor: Scale mail        |    50 |    22 ||    72
Dodge: Dodged            |    61 |    12 ||    73
Block: Buckler           |    12 |     7 ||    19

Table legend: (Time is in decaauts)
 A = Elapsed time spent in this place.
 B = Non-inter-level travel time spent in this place.
 C = Inter-level travel time spent in this place.
 D = Time resting spent in this place.
 E = Time spent auto-exploring this place.
 F = Levels seen in this place.
 G = Mean time per level.
                   A        B        C        D        E       F      G
               +--------+--------+--------+--------+--------+-----+--------+
         Total |   2560 |   2455 |    105 |   1096 |    971 |   2 | 1280.0 |
       Dungeon |   2560 |   2455 |    105 |   1096 |    971 |   2 | 1280.0 |
               +--------+--------+--------+--------+--------+-----+--------+

Top non-repeatable levels by time:
     D:1: 2257 daAuts
     D:2: 302 daAuts
